 Dungeon Crawl Stone Soup version 0.30-a0-711-gf4ac18a38d (webtiles) character file.

Game seed: 14299129331501483707

169 drugrobin the Insei (level 5, -10/42 HPs)
             Began as a Demigod Delver on Jan 22, 2023.
             Mangled by an ogre
             ... wielding a +0 giant club
              (25 damage)
             ... on level 4 of the Dungeon.
             The game lasted 00:08:47 (979 turns).

drugrobin the Insei (Demigod Delver)                 Turns: 979, Time: 00:08:47

Health: -10/42     AC:  3    Str: 13    XL:     5   Next: 4%
Magic:  7/7        EV: 11    Int: 12    God:
Gold:   0          SH:  4    Dex: 19    Spells: 4/4 levels left

rFire   . . .      SeeInvis .    b - +0 sling
rCold   . . .      Faith    .    g - +0 buckler
rNeg    . . .      Spirit   .    a - +0 leather armour
rPois   .          Reflect  .    (no helmet)
rElec   .          Harm     .    (no cloak)
rCorr   .          Rampage  .    (no gloves)
Will    .....                    (no boots)
Stlth   +++                      (no amulet)
HPRegen 0.27/turn                (no ring)
MPRegen 0.10/turn                (no ring)

@: no status effects
A: high MP 1, forlorn, divine attributes
a: no special abilities


You were on level 4 of the Dungeon.
You visited 1 branch of the dungeon, and saw 2 of its levels.
You also visited: Sewer.

Inventory:

Hand Weapons
 b - a +0 sling (weapon)
Armour
 a - a +0 leather armour (worn)
 g - a +0 buckler (worn)
Wands
 d - a wand of iceblast (2)
 f - a wand of digging (3)
Scrolls
 c - a scroll of magic mapping
 e - a scroll of teleportation {unknown}
 h - 2 scrolls of fog
 i - 2 scrolls of blinking


   Skills:
 - Level 2.6 Fighting
 - Level 1.7 Dodging
 - Level 4.5 Stealth
 + Level 5.0 Unarmed Combat


You had 4 spell levels left.
You didn't know any spells.
Your spell library contained the following spells:

 Spells                   Type           Power      Damage    Failure   Level
 Static Discharge         Conj/Air       0%         2-2/arc   65%         2
 Vhi's Electric Charge    Tloc/Air       0%         N/A       87%         3
 Arcjolt                  Conj/Air       0%         1d10      100%        5
 Lightning Bolt           Conj/Air       0%         1d11      100%        5


Dungeon Overview and Level Annotations

Branches:
Dungeon (5/15)              Sewer (visited)
 Temple: D:4-7

Annotations:
D:5 Eustachio


Innate Abilities, Weirdness & Mutations

You have an increased reservoir of magic. (+10% MP)
You shall have no god before yourself.
Your divine heritage dramatically boosts your attributes as you level up.


Message History

Moving in this stuff is going to be slow.
You enter the shallow water.
Moving in this stuff is going to be slow.
You enter the shallow water.
Moving in this stuff is going to be slow.
Key pressed, stopping explore.
You enter the shallow water.
Moving in this stuff is going to be slow.
You enter the shallow water.
Moving in this stuff is going to be slow.
Partly explored, can't reach some places.
Partly explored, can't reach some places.
Partly explored, can't reach some places.
Partly explored, can't reach some places.
You enter the shallow water.
Moving in this stuff is going to be slow.
You enter the shallow water.
Moving in this stuff is going to be slow.
You enter the shallow water.
Moving in this stuff is going to be slow.
There is an empty arch of ancient stone here.
There is a gate leading back out of this place here.
Okay, then.
You aren't carrying any potions.
Unknown command.
Unknown command.
The ogre completely misses you.
There is a collapsed entrance here.
Unknown command.
Unknown command.
Unknown command.
Unknown command.
The ogre hits you with a +0 giant club!!
Ouch! That really hurt!
You hear an angry hiss.
Unknown command.
The ogre attacks as you move away!
The ogre hits you with a +0 giant club!!
Ouch! That really hurt!
You die...

#......##....#..##~~~~~##..#
'......##....#..~~.....~≈..#
#########....#[.~≈.....~≈.#
........#....S.........~~.#
........#....#..~~.....~~.#
........#....#..~~.....~~..#
.....O..#....#..##≈~.~~##..#
........######.O##~~.~~# .#
................@......~. +
.....................#....
.....................#....
......##########.....# ..
.....## ##....# ....# #<....
...# #..... ..# #....


You could see an ogre and a ball python.

Vanquished Creatures
  2 bullfrogs (Sewer)
  2 adders (Sewer)
  2 orcs
  An endoplasm (D:4)
  6 giant cockroaches (Sewer)
  7 quokkas (Sewer)
  A ball python (Sewer)
  3 frilled lizards (Sewer)
24 creatures vanquished.

Notes
Turn   | Place    | Note
-------+----------+-------------------------------------------
     0 | D:5      | drugrobin the Demigod Delver began the quest for the Orb.
     0 | D:5      | Reached XP level 1. HP: 18/18 MP: 3/3
     0 | D:5      | Noticed Eustachio
    89 | D:5      | Reached skill level 2 in Unarmed Combat
   219 | D:4      | Found a glowing drain.
   223 | D:4      | Noticed an ogre
   268 | Sewer    | Entered a sewer
   309 | Sewer    | Reached XP level 2. HP: 15/25 MP: 4/4
   407 | Sewer    | Reached skill level 3 in Unarmed Combat
   479 | Sewer    | Reached XP level 3. HP: 24/30 MP: 5/5
   590 | Sewer    | Noticed a bullfrog
   611 | Sewer    | Noticed a bullfrog
   639 | Sewer    | Killed a bullfrog
   640 | Sewer    | Reached skill level 4 in Unarmed Combat
   640 | Sewer    | Reached XP level 4. HP: 9/37 MP: 6/6
   649 | Sewer    | Killed a bullfrog
   650 | Sewer    | Reached skill level 5 in Unarmed Combat
   650 | Sewer    | Reached XP level 5. HP: 12/42 MP: 7/7
   979 | D:4      | Mangled by an ogre

Illustrated notes

Levels and vault maps discovered:
D:4:      kennysheep_big_flooded_room, layout_gridville,
          cheibrodos_sewer_entry_sluice
D:5:      layout_basic, uniq_edmund, uniq_eustachio

Skill      XL: |  1  2  3  4 |
---------------+-------------+-----
Unarmed Combat | 2 3 4 5 |  5.0
Fighting       | |  2.6
Dodging        | |  1.7
Stealth        | |  4.5

Action                     |  1- 3 |  4- 6 || total
---------------------------+-------+-------++-------
  Melee: Unarmed           |    54 |       ||    54
   Fire: Sling             |    41 |     2 ||    43
  Evoke: Wand              |     3 |     2 ||     5
    Use: Scroll            |     1 |       ||     1
         Potion            |     1 |       ||     1
   Stab: Distracted        |     1 |       ||     1
 Armour: Leather armour    |    11 |       ||    11
  Dodge: Dodged            |    30 |     1 ||    31
  Block: Buckler           |     9 |       ||     9

Table legend: (Time is in decaauts)
 A = Elapsed time spent in this place.
 B = Non-inter-level travel time spent in this place.
 C = Inter-level travel time spent in this place.
 D = Time resting spent in this place.
 E = Time spent auto-exploring this place.
 F = Levels seen in this place.
 G = Mean time per level.
                   A        B        C        D        E       F      G
               +--------+--------+--------+--------+--------+-----+--------+
         Total |   1076 |   1076 |      0 |    219 |    360 |   3 |  358.7 |
       Dungeon |    279 |    279 |      0 |     64 |      0 |   2 |  139.5 |
         Sewer |    797 |    797 |      0 |    155 |    360 |   1 |  797.0 |
               +--------+--------+--------+--------+--------+-----+--------+

Top non-repeatable levels by time:
   Sewer: 797 daAuts
     D:4: 157 daAuts
     D:5: 122 daAuts
